 Dungeon Crawl Stone Soup version 0.31-a0-703-gcfe89afef6 (webtiles) character file.

Game seed: 14761777371049074564

662 cforsyth the Trooper (level 7, 0/57 HPs)
             Began as a Djinni Chaos Knight on Sept 8, 2023.
             Was a Plaything of Xom.
             Slain by an ogre
             ... wielding a +0 giant club
              (36 damage)
             ... on level 4 of the Dungeon.
             The game lasted 00:06:50 (4138 turns).

cforsyth the Trooper (Djinni Chaos Knight)          Turns: 4138, Time: 00:06:50

Health: 0/57       AC:  6    Str: 11    XL:     7   Next: 87%
Gold:   122        EV: 11    Int: 16    God:    Xom [..*...] SH:  0 Dex: 12

rFire   + + .        p - +5 club
rCold   x . .        (no shield)
rNeg    . . .        b - +2 leather armour
rPois   ∞            (helmet restricted)
rElec   .            v - +0 cloak
rCorr   .            (no gloves)
SInv    .            (boots unavailable)
Will    .....        (no amulet)
Stlth   +            o - ring of wizardry
HPRegen 0.29/turn    (no ring)
MPRegen 0.00/turn

%: wizardry (x1), infuse magic (-1 HP)
@: flying
A: sickness immunity, fire resistance 2, cold vulnerability 1, float, innate
caster, HP casting, extra vitality 1, antennae 1, MP-powered wands
a: Renounce Religion


You were on level 4 of the Dungeon.
You worshipped Xom.
You were a toy of Xom.
You visited 1 branch of the dungeon, and saw 4 of its levels.
You also visited: Sewer.

You collected 122 gold pieces.

Inventory:

Hand Weapons
 a - a +0 falchion of chaos
 p - a +5 club (weapon)
Armour
 b - a +2 leather armour (worn)
 q - a +1 helmet
 v - a +0 cloak (worn)
Jewellery
 o - a ring of wizardry (left hand)
Scrolls
 e - a scroll of vulnerability {unknown}
 f - 2 scrolls of poison {unknown}
 g - 3 scrolls of identify {unknown}
 h - a scroll of silence {unknown}
 k - a scroll of teleportation {unknown}
Potions
 c - a potion of might {unknown}
 d - 2 potions of berserk rage {unknown}
 i - a potion of curing
 j - 4 potions of mutation {unknown}
 l - 2 potions of magic
 m - a potion of attraction {unknown}
 n - 2 potions of cancellation {unknown}
 r - 2 potions of resistance {unknown}
 s - 3 potions of invisibility {unknown}
 t - a potion of heal wounds {unknown}
 u - a potion of brilliance {unknown}
 w - 2 potions of haste {unknown}


   Skills:
 + Level 6.3 Fighting
 - Level 2.6 Long Blades
 - Level 1.0 Armour
 - Level 2.1 Dodging
 + Level 4.0 Spellcasting
 + Level 4.0 Conjurations
 + Level 4.0 Hexes
   Level 0.0 Charms
 + Level 4.0 Summonings
 + Level 4.0 Necromancy
 + Level 4.0 Translocations
 + Level 4.0 Transmutations
 + Level 4.0 Fire Magic
 + Level 4.0 Ice Magic
 + Level 4.0 Air Magic
 + Level 4.0 Earth Magic
 + Level 4.0 Poison Magic


You knew the following spells:

 Your Spells              Type           Power      Damage    Failure   Level
a - Kiss of Death         Conj/Necr      64%        2d10      1%          1
b - Scorch                Fire           32%        2d6       2%          2
c - Ensorcelled Hibernat  Hex/Ice        32%        N/A       2%          2
Your spell library was empty.

Dungeon Overview and Level Annotations

Branches:
Dungeon (4/15)              Sewer (visited)
 Temple: D:4-7

Altars:
Okawaru
Uskayaw

Shops:
D:2 =


Innate Abilities, Weirdness & Mutations

You are immune to sickness and miasma.
You are immune to poison.
Your flesh is very heat resistant. (rF++)
You are vulnerable to cold. (rC-)
You float through the air rather than walking.
You learn spells naturally, not from books.
Your magical power is your life essence.
You have superior vitality. (+4 MHP)
You have a pair of small antennae on your head.
You expend health (3 HP) to strengthen your wands.


Message History

There is an open door here.
Found a stone staircase leading up.
An endoplasm comes into view.
The endoplasm quivers.
The endoplasm hits you.
You hit the endoplasm but do no damage. The endoplasm closely misses you.
You hit the endoplasm.
The endoplasm is almost dead.
The endoplasm freezes you.
You are frozen!
You feel a terrible chill!
You sock the endoplasm!
You kill the endoplasm!
No target in view!
No target in view!
No target in view!
No target in view!
Found a dagger.
You reach down and open the door.
Xom twists space around you.
Your surroundings suddenly seem different.
An ogre comes into view. It is wielding a +0 giant club.
Unknown command.
Unknown command.
Casting: Scorch (safe; 2% risk of failure)
Confirm with . or Enter, or press ? or * to list all spells.
Flames lash the ogre.
The ogre shouts!
The ogre is moderately wounded.
The ogre's fire resistance burns away.
The ogre hits you with a +0 giant club!
Casting: Scorch (safe; 2% risk of failure)
Confirm with . or Enter, or press ? or * to list all spells.
Flames lash the ogre.
The ogre is burned terribly!
The ogre is heavily wounded.
Casting: Scorch (safe; 2% risk of failure)
Confirm with . or Enter, or press ? or * to list all spells.
Flames lash the ogre.
The ogre is burned terribly!
The ogre is heavily wounded.
The ogre hits you with a +0 giant club!!!
Ouch! That really hurt!
You die...

# ### ..
#.##
#O.###
#.@..#
#.....#
#.........
#....#####
#.#.## #.
.# #. ##
..


You could see an ogre (combustible).

Vanquished Creatures
  4 kobold brigands (Sewer)
  A jelly (D:4)
  A hound (D:4)
  An iguana (D:4)
  An orc wizard (D:3)
  Robin (D:3)
  7 adders
  A worm (D:2)
  3 dart slugs
  3 orcs (D:3)
  7 bats
  9 endoplasms
  4 giant cockroaches
  8 hobgoblins
  4 quokkas
  8 ball pythons
  5 frilled lizards
  16 goblins
  16 kobolds
  6 rats
106 creatures vanquished.

Vanquished Creatures (collateral kills)
  A kobold brigand (Sewer)
1 creature vanquished.

Grand Total: 107 creatures vanquished

Notes
Turn   | Place    | Note
-------+----------+-------------------------------------------
     0 | D:1      | cforsyth the Djinni Chaos Knight began the quest for the
                  | Orb.
     0 | D:1      | Reached XP level 1. HP: 20/20 MP: 0/0
   268 | D:1      | Reached XP level 2. HP: 25/25 MP: 0/0
   402 | D:1      | You are sucked into a shaft and drop 1 floor!
   522 | D:2      | Reached skill level 1 in Spellcasting
   522 | D:2      | Reached skill level 1 in Conjurations
   522 | D:2      | Reached skill level 1 in Hexes
   522 | D:2      | Reached skill level 1 in Summonings
   522 | D:2      | Reached skill level 1 in Necromancy
   522 | D:2      | Reached skill level 1 in Translocations
   522 | D:2      | Reached skill level 1 in Transmutations
   522 | D:2      | Reached skill level 1 in Fire Magic
   522 | D:2      | Reached skill level 1 in Ice Magic
   522 | D:2      | Reached skill level 1 in Air Magic
   522 | D:2      | Reached skill level 1 in Earth Magic
   522 | D:2      | Reached skill level 1 in Poison Magic
   582 | D:2      | Reached XP level 3. HP: 30/30 MP: 0/0
   582 | D:2      | Learned a level 1 spell: Kiss of Death
  1093 | D:2      | Found Nacraqy's Jewellery Shop.
  1114 | D:2      | XOM: potion effect (attraction)
  1264 | D:2      | XOM: cast spell 'Leda's Liquefaction'
  1272 | D:2      | Reached XP level 4. HP: 35/37 MP: 0/0
  1324 | D:2      | XOM: noise
  1338 | D:2      | XOM: silly message
  1410 | D:3      | Reached skill level 4 in Fighting
  1420 | D:3      | XOM: silly message
  1485 | D:3      | XOM: scenery: summon butterflies
  1485 | D:3      | Noticed Robin
  2094 | D:3      | Killed Robin
  2176 | D:3      | Reached XP level 5. HP: 38/41 MP: 0/0
  2176 | D:3      | Learned a level 2 spell: Scorch
  2795 | D:4      | XOM: stat loss: -1 Int (15/16)
  2853 | D:4      | XOM: cloud trail
  2865 | D:4      | Noticed a +0 dagger
  2880 | D:4      | Found a glowing drain.
  2908 | Sewer    | Entered a sewer
  2995 | Sewer    | XOM: give mutation
  2995 | Sewer    | Gained mutation: You have a pair of small antennae on your
                  | head. [Xom's grace]
  3066 | Sewer    | XOM: give mutations
  3066 | Sewer    | Gained mutation: You sometimes lose your temper in combat.
                  | [Xom's mischief]
  3066 | Sewer    | Gained mutation: You expend health (3 HP) to strengthen
                  | your wands. [Xom's mischief]
  3066 | Sewer    | Lost mutation: You sometimes lose your temper in combat.
                  | [Xom's mischief]
  3071 | Sewer    | Reached XP level 6. HP: 46/49 MP: 0/0
  3129 | Sewer    | XOM: summons friendly white imp
  3135 | Sewer    | XOM: scenery: create altars
  3137 | Sewer    | XOM: cast spell 'Leda's Liquefaction'
  3148 | Sewer    | XOM: enchant monster (good)
  3155 | Sewer    | Reached skill level 5 in Fighting
  3163 | Sewer    | XOM: summons friendly iron imp
  3172 | Sewer    | Reached XP level 7. HP: 2/54 MP: 0/0
  3172 | Sewer    | Learned a level 2 spell: Ensorcelled Hibernation
  3518 | Sewer    | Reached skill level 6 in Fighting
  3589 | D:4      | XOM: cloud trail
  3600 | D:4      | Found a hide-covered altar of Uskayaw.
  3601 | D:4      | Noticed a +0 hand axe
  3614 | D:4      | Found an iron altar of Okawaru.
  3623 | D:4      | XOM: god gift: dagger {god gift}
  3667 | D:4      | Xom revived you
  4047 | D:4      | XOM: god gift: fuming silvery potion {god gift}
  4135 | D:4      | XOM: 1-stop teleportation journey
  4138 | D:4      | Slain by an ogre

Illustrated notes

Levels and vault maps discovered:
D:1:      matt_arrival_spirals, layout_loops_ring, bh_walls_and_bars
D:2:      layout_basic, serial_shops, nicolae_shop_peninsula, dk_noncrumbling_3,
          kennysheep_generic_room_2
D:3:      layout_loops_ring, uniq_robin
D:4:      layout_cave_pods, dancing_weapons_uskayaw,
          mainiacjoe_overflow_24_doors, lemuel_tele_altar, portal_sewer_entry_f,
          chequers_serial_rivers_marsh, dk_noncrumbling_2, uniq_eustachio,
          uniq_ijyb, uniq_natasha

Skill      XL: |  1  2  3  4  5  6  7 |
---------------+----------------------+-----
Spellcasting   | 1 2 3 4 |  4.0
Conjurations   | 1 2 3 4 |  4.0
Hexes          | 1 2 3 4 |  4.0
Summonings     | 1 2 3 4 |  4.0
Necromancy     | 1 2 3 4 |  4.0
Translocations | 1 2 3 4 |  4.0
Transmutations | 1 2 3 4 |  4.0
Fire Magic     | 1 2 3 4 |  4.0
Ice Magic      | 1 2 3 4 |  4.0
Air Magic      | 1 2 3 4 |  4.0
Earth Magic    | 1 2 3 4 |  4.0
Poison Magic   | 1 2 3 4 |  4.0
Fighting       | 4 5 6 |  6.3
Long Blades    | |  2.6
Armour         | |  1.0
Dodging        | |  2.1

Action                     |  1- 3 |  4- 6 |  7- 9 || total
---------------------------+-------+-------+-------++-------
  Melee: Falchion          |    75 |    58 |       ||   133
         Punch             |     1 |     2 |     1 ||     4
         Club              |       |   126 |    25 ||   151
   Cast: Scorch            |       |    11 |    24 ||    35
    Use: Potion            |       |     2 |       ||     2
         Scroll            |       |     1 |       ||     1
   Stab: Petrifying        |     1 |       |       ||     1
 Armour: Leather armour    |    47 |   173 |    39 ||   259
  Dodge: Dodged            |    37 |   171 |    28 ||   236

Table legend: (Time is in decaauts)
 A = Elapsed time spent in this place.
 B = Non-inter-level travel time spent in this place.
 C = Inter-level travel time spent in this place.
 D = Time resting spent in this place.
 E = Time spent auto-exploring this place.
 F = Levels seen in this place.
 G = Mean time per level.
                   A        B        C        D        E       F      G
               +--------+--------+--------+--------+--------+-----+--------+
         Total |   4211 |   4144 |     67 |    545 |   2755 |   5 |  842.2 |
       Dungeon |   3533 |   3466 |     67 |    545 |   2262 |   4 |  883.2 |
         Sewer |    677 |    677 |      0 |      0 |    493 |   1 |  677.0 |
               +--------+--------+--------+--------+--------+-----+--------+

Top non-repeatable levels by time:
     D:2: 1235 daAuts
     D:3: 830 daAuts
     D:1: 768 daAuts
     D:4: 698 daAuts
   Sewer: 677 daAuts
